 Dungeon Crawl Stone Soup version 0.17-a0-1882-g750edc8 (webtiles) character file.

9870 4thArraOfDagon the Grappler (level 11, -7/107 HPs)
             Began as a Troll Summoner on Sept 22, 2015.
             Was an Elder of Cheibriados.
             Killed from afar by a manticore (8 damage)
             ... with a volley of spikes
             ... on level 13 of the Dungeon.
             The game lasted 00:23:19 (3701 turns).

4thArraOfDagon the Grappler (Troll Summoner)        Turns: 3701, Time: 00:23:20

Health: -7/107     AC:  5    Str: 27    XL:     11   Next: 28%
Magic:  12/16      EV: 15    Int: 23    God:    Cheibriados [****..]
Gold:   207        SH:  0    Dex: 19    Spells: 1 memorised, 11 levels left

rFire  . . .     SeeInvis .       - Unarmed
rCold  . . .     Clarity  .     m - +0 robe {MR+}
rNeg   . . .     SustAt   .     (no shield)
rPois  .         Gourm    +     (helmet restricted)
rElec  .         Spirit   .     (no cloak)
rCorr  +         Warding  .     (gloves unavailable)
rMut   .         Stasis   .     (boots unavailable)
MR     +....                    C - amulet of resist corrosion
Stlth  +++.......               (no ring)
                                n - ring of stealth

@: manticore barbs, very slow, somewhat resistant to hostile enchantments,
fairly stealthy
A: unfitting armour, claws 3, fast metabolism 3, gourmand, high mp 1,
regeneration 2, shaggy fur 1, tough skin 2
a: Bend Time, Temporal Distortion, Slouch, Renounce Religion


You were on level 13 of the Dungeon.
You worshipped Cheibriados.
Cheibriados was greatly pleased with you.
You were very full.

You visited 1 branch of the dungeon, and saw 13 of its levels.

You collected 207 gold pieces.

Inventory:

Hand weapons
 a - a +0 giant spiked club
 v - the +7 mace "Tawkiop" {flame, rElec Str+2 Int+3, unknown}
   (You found it on level 6 of the Dungeon)

   It has been specially enchanted to burn those struck by it, causing extra
   injury to most foes and up to half again as much damage against particularly
   susceptible opponents.
   It affects your strength (+2).
   It affects your intelligence (+3).
   It insulates you from electricity.
Missiles
 l - 5 large rocks (quivered)
Armour
 m - a +0 robe of magic resistance (worn)
 D - a +2 robe of the Archmagi
Jewellery
 n - a ring of stealth (left claw)
 C - an amulet of resist corrosion (around neck)
Magical devices
 e - a wand of frost (12)
 g - a wand of flame (20)
 p - a wand of lightning (0)
 r - a wand of slowing (27)
 y - a wand of flame (12)
 z - a wand of cold (2)
Scrolls
 f - 3 scrolls of fog
 h - 4 scrolls of remove curse
 k - a scroll of amnesia
 t - 2 scrolls of fear
 E - a scroll of identify
Potions
 i - a potion of curing
 q - a potion of brilliance
 u - a potion of lignification
 A - a potion of flight
 B - a potion of haste
Books
 b - a book of Callings

   Spells                             Type                      Level
   a - Summon Small Mammal            Summoning                    1
   b - Call Imp                       Summoning                    2
   c - Call Canine Familiar           Summoning                    3
   d - Summon Guardian Golem          Hexes/Summoning              3
   e - Summon Lightning Spire         Summoning/Air                4
   f - Summon Ice Beast               Ice/Summoning                4
Comestibles
 c - 7 bread rations
 d - 3 meat rations
 j - a beef jerky
 x - 3 fruits


   Skills:
 + Level 6.6 Fighting
 + Level 6.9 Dodging
 - Level 1.1 Stealth
 * Level 11.2 Unarmed Combat
 - Level 1.2 Spellcasting
 - Level 2.9 Summonings
 + Level 7.0 Invocations


You had 11 spell levels left.
You knew the following spells:

 Your Spells              Type           Power        Failure   Level  Hunger
a - Summon Small Mammal   Summ           ###.         4%          1    ##.....


Dungeon Overview and Level Annotations

Branches:
Dungeon (13/15)            Temple (0/1) D:4
   Lair: D:8-11         Orc: D:9-12      Vaults: D:13-14

Altars:
Cheibriados
Elyvilon
Gozag
Xom
Yredelemnul
The Shining One
Beogh

Annotations:
D:2 Terence
D:10 Soeti's ghost, experienced DsFi
D:11 exclusion: ugly thing


Innate Abilities, Weirdness & Mutations

You are too large for most types of armour.
You have claws for hands.
Your metabolism is lightning-fast.
You like to eat raw meat.
You heal very quickly.
You are covered in fur (AC +1).
You have very tough skin (AC +2).
You have an increased reservoir of magic (+10% MP).


Message History

The manticore is lightly wounded.
The centaur warrior shoots an arrow of flame.
The arrow of flame hits you!
* * * LOW HITPOINT WARNING * * *
The arrow of flame burns you.
* * * LOW HITPOINT WARNING * * *
Unknown command.
Use which ability?
You warp the flow of time around you!
You feel somewhat less full.
Cheibriados reduces the support of your attributes as your movement quickens.
Unknown command.
A hound comes into view.
The centaur warrior unwields an uncursed longbow.
The centaur warrior hits you!
* * * LOW HITPOINT WARNING * * *
The hound barks!
The manticore flicks its tail.
The volley of spikes hits you!
The barbed spikes become lodged in your body.
You die...

#.###...##
..........
#.#.....#
#.#.....#
#.#h....
#.#... #
#.#c##.#
#(@....#
###.#### #.#
#### #.# ...
###H##.#
#......#
#.#.#..###.#
#.#.<......#
#.###..#####


You could see a centaur warrior, a manticore and a hound.

Vanquished Creatures
  Maud (D:12)
  Josephine (D:10)
  An unseen horror (D:11)
  Pikel (D:9)
  An ugly thing (D:11)
  A manticore (D:11)
  2 hill giants
  A centaur zombie (D:12)
  3 trolls
  A two-headed ogre (D:11)
  Sigmund (D:2)
  2 wraiths (D:10)
  A shadow (D:11)
  7 yaks
  The ghost of derrpe the Gusty, an average HEAE (D:5)
  3 orc warriors
  An eye of draining (D:10)
  An ice beast (D:11)
  A black bear (D:12)
  A sky beast (D:10)
  A water moccasin (D:12)
  A phantom (D:11)
  2 giant frogs
  A water moccasin skeleton (D:5)
  3 wights (D:11)
  A crimson imp (D:6)
  2 hounds
  5 orc priests
  A giant frog skeleton (D:10)
  13 orc wizards
  2 centaur skeletons
  4 worker ants
  A hound zombie (D:11)
  A hound skeleton (D:8)
  5 adders
  3 shadow imps
  2 worms
  44 orcs
  A ball python (D:2)
  7 bats
  4 giant cockroaches
  3 hobgoblins (D:1)
  5 kobolds
  A giant gecko (D:1)
  A giant newt (D:1)
  A quokka (D:3)
  2 rats (D:1)
149 creatures vanquished.

Vanquished Creatures (others)
  A shadow imp (D:9)
  An orc (D:8)
2 creatures vanquished.

Grand Total: 151 creatures vanquished

Notes
Turn   | Place    | Note
--------------------------------------------------------------
     0 | D:1      | 4thArraOfDagon the Troll Summoner began the quest for the Orb.
     0 | D:1      | Reached XP level 1. HP: 16/16 MP: 1/1
    56 | D:1      | fuckin lab
   126 | D:1      | Reached skill level 1 in Unarmed Combat
   194 | D:1      | Reached XP level 2. HP: 19/24 MP: 2/2
   301 | D:2      | Found a glowing golden altar of the Shining One.
   304 | D:2      | Found a basalt altar of Yredelemnul.
   306 | D:2      | Noticed a profane servitor
   414 | D:2      | Found a shimmering altar of Xom.
   482 | D:2      | Noticed Terence
   535 | D:2      | Noticed Sigmund
   568 | D:2      | Killed Sigmund
   568 | D:2      | Reached skill level 1 in Fighting
   568 | D:2      | Reached skill level 3 in Unarmed Combat
   568 | D:2      | Reached XP level 3. HP: 12/35 MP: 3/3
   568 | D:2      | Reached XP level 4. HP: 14/42 MP: 4/4
   568 | D:2      | Reached XP level 5. HP: 16/49 MP: 5/5
   594 | D:2      | Found a white marble altar of Elyvilon.
   673 | D:3      | You fall through a shaft for 2 floors!
   673 | D:5      | Entered Level 5 of the Dungeon
   801 | D:4      | Found a snail-covered altar of Cheibriados.
   809 | D:4      | Became a worshipper of Cheibriados the Contemplative
   824 | D:4      | Reached skill level 4 in Unarmed Combat
   824 | D:4      | Reached XP level 6. HP: 44/57 MP: 6/6
   880 | D:4      | Found a staircase to the Ecumenical Temple.
  1092 | D:5      | Reached skill level 1 in Invocations
  1120 | D:5      | Noticed derrpe's ghost (average HEAE)
  1157 | D:5      | Killed derrpe's ghost
  1157 | D:5      | Reached skill level 5 in Unarmed Combat
  1157 | D:5      | Reached XP level 7. HP: 49/66 MP: 7/7
  1180 | D:5      | Acquired Cheibriados's first power
  1504 | D:6      | Got a warped mace
  1746 | D:8      | Found a runed door.
  1878 | D:8      | Reached skill level 6 in Unarmed Combat
  1878 | D:8      | Reached XP level 8. HP: 73/75 MP: 8/8
  2054 | D:8      | Found a roughly hewn altar of Beogh.
  2117 | D:9      | Noticed Pikel
  2143 | D:9      | Killed Pikel
  2143 | D:9      | Reached skill level 7 in Unarmed Combat
  2169 | D:10     | Entered Level 10 of the Dungeon
  2169 | D:10     | Noticed Soeti's ghost (experienced DsFi)
  2267 | D:10     | Acquired Cheibriados's second power
  2484 | D:10     | Gained mutation: You can spit weak poison. [mutagenic meat]
  2485 | D:10     | Gained mutation: You are agile. (Dex +2) [mutagenic meat]
  2486 | D:10     | Gained mutation: You have a pair of small horns on your head. [mutagenic meat]
  2513 | D:10     | Reached XP level 9. HP: 84/84 MP: 11/11
  2530 | D:10     | Reached skill level 5 in Dodging
  2530 | D:10     | Reached skill level 8 in Unarmed Combat
  2563 | D:10     | Noticed Josephine
  2577 | D:10     | Killed Josephine
  2577 | D:10     | Reached skill level 5 in Fighting
  2577 | D:10     | Reached skill level 9 in Unarmed Combat
  2577 | D:10     | Reached skill level 5 in Invocations
  2585 | D:10     | HP: 4/88 [wraith[Josephine] (1)]
  2677 | D:10     | Noticed a hill giant
  2681 | D:10     | Killed a hill giant
  2681 | D:10     | Reached XP level 10. HP: 96/96 MP: 12/12
  2788 | D:11     | Noticed a red ugly thing
  2859 | D:11     | Acquired Cheibriados's third power
  2896 | D:11     | Noticed a manticore
  2905 | D:11     | Killed a manticore
  2930 | D:11     | Reached skill level 10 in Unarmed Combat
  2977 | D:11     | Noticed a hill giant
  3016 | D:11     | Noticed a brown ugly thing
  3044 | D:11     | Killed a red ugly thing
  3066 | D:11     | Killed a hill giant
  3160 | D:11     | Killed an unseen horror
  3168 | D:11     | Gained mutation: Your flesh is cold resistant. [mutagenic meat]
  3169 | D:11     | Gained mutation: You have an increased reservoir of magic (+10% MP). [mutagenic meat]
  3170 | D:11     | Gained mutation: You have a pair of horns on your head. [mutagenic meat]
  3171 | D:11     | Gained mutation: Your flesh is heat resistant. [mutagenic meat]
  3338 | D:12     | Noticed a purple ugly thing
  3354 | D:12     | Reached XP level 11. HP: 96/105 MP: 16/16
  3418 | D:12     | Noticed Maud
  3467 | D:12     | Found an opulent altar of Gozag.
  3474 | D:12     | Reached skill level 11 in Unarmed Combat
  3604 | D:12     | Lost mutation: You are agile. (Dex +2) [potion of cure mutation]
  3604 | D:12     | Lost mutation: You can spit weak poison. [potion of cure mutation]
  3604 | D:12     | Lost mutation: You have a pair of horns on your head. [potion of cure mutation]
  3604 | D:12     | Lost mutation: Your flesh is cold resistant. [potion of cure mutation]
  3604 | D:12     | Lost mutation: Your flesh is heat resistant. [potion of cure mutation]
  3604 | D:12     | Lost mutation: You have a pair of small horns on your head. [potion of cure mutation]
  3624 | D:12     | Killed Maud
  3697 | D:13     | Noticed a centaur warrior
  3701 | D:13     | HP: 1/107 [centaur warrior (12)]
  3701 | D:13     | Killed from afar by a manticore

Vault maps used:
D:1:      grunt_arrival_crossed_arrows
D:2:      grunt_temple_overflow_holy_war, lemuel_crystal_altar,
          nicolae_overflow_crystal_walls, uniq_iyjb, uniq_terence, uniq_sigmund
D:3:      ecumenical_altar_2, uniq_natasha
D:4:      cheibriados_altar_1, temple_pool_a, portal_sewer_entry_d, first_bread
D:5:      grunt_temple_overflow_order_and_chaos_2
D:6:      ashenzari_altar_1, vehumet_statue, serial_shops, nicolae_shop_crystal,
          uniq_blork_the_orc
D:8:      nemelex_deck, kennysheep_mini,
          nicolae_dithmenos_through_a_glass_darkly, blue_anna_alchemist,
          lightli_church_of_beogh
D:9:      kennysheep_little_box, erik_lair_dragon, erik_orc_1, uniq_pikel
D:10:     uniq_josephine
D:12:     basic_altar, kennysheep_generic_room_11, uniq_maud
D:13:     david_vaults_5, portal_ice_cave_entry_pillars_03,
          nicolae_elemental_shop

Action                   |  1- 3 |  4- 6 |  7- 9 | 10-12 || total
-------------------------+-------+-------+-------+-------++-------
Melee: Unarmed           |   101 |    75 |   203 |   115 ||   494
Throw: Large rock        |       |       |    11 |    22 ||    33
Invok: Slouch            |       |       |       |     1 ||     1
       Temporal Distorti |       |       |       |     2 ||     2
 Abil: Spit Poison       |       |       |     2 |     4 ||     6
Evoke: Wand              |       |       |     6 |       ||     6
  Use: Potion            |     2 |       |     1 |     5 ||     8
       Scroll            |       |     4 |     6 |     3 ||    13
 Stab: Sleeping          |       |     1 |     2 |     2 ||     5
       Distracted        |       |       |       |     1 ||     1
  Eat: Chunk             |     9 |     6 |    15 |    10 ||    40
